General information
- name: BNet
- type: Ladder team game (AT/RT)
- host: Battle.net
- saver: FARGOTH.
map: GoldRush
- players: 8
- length: 17:05
- speed: Fast
- version: 1.26 W3XP
- replay type: Public
» download(116 KB)
Players
team 1 (loser)

»
playinbad (
purple | 67 APM | 1090 actions | 16:15)
3 Demon Hunter
2 Mana Burn
1 Evasion
2 Keeper of the Grove
1 Entangling Roots
1 Thorns Aura
» actions
| Assign group hotkey | 35 | |
| Basic commands | 11 | |
| Build / train | 56 | |
| ESC pressed | 4 | |
| Enter build submenu | 14 | |
| Enter hero's abilities submenu | 5 | |
| Remove unit from queue | 3 | |
| Right click | 534 | |
| Select / deselect | 185 | |
| Select group hotkey | 196 | |
| Use ability | 45 | |
1090 total
» units
| Wisp | 14 | |
| Archer | 11 | |
| Huntress | 4 | |
| Dryad | 7 | |
36 total
» upgrades
| Nature's Blessing | 1 | |
| Ultravision | 1 | |
| Abolish Magic | 1 | |
| Druid of the Claw Training | 1 | |
4 total
» buildings
| Altar of Elders | 1 | |
| Moon Well | 4 | |
| Ancient of War | 1 | |
| Tree of Ages | 1 | |
| Hunter's Hall | 1 | |
| Ancient of Lore | 2 | |
| Ancient Protector | 3 | |
| Ancient of Wonders | 2 | |
| Tree of Eternity | 2 | |
17 total
» build order
00:10 Altar of Elders
00:22 Moon Well
00:41 Ancient of War
01:39 Moon Well
03:40 Tree of Ages
03:44 Hunter's Hall
03:48 Moon Well
07:35 Ancient of Lore
07:37 Ancient of Lore
11:14 Ancient Protector
11:17 Ancient Protector
11:24 Ancient Protector
12:12 Ancient of Wonders
13:21 Moon Well
13:26 Ancient of Wonders
14:02 Tree of Eternity
sakuragi (
red | 58 APM | 956 actions | 16:31)
3 Paladin
2 Holy Light
1 Divine Shield
» actions
| Assign group hotkey | 15 | |
| Basic commands | 228 | |
| Build / train | 40 | |
| ESC pressed | 1 | |
| Enter build submenu | 23 | |
| Enter hero's abilities submenu | 4 | |
| Right click | 356 | |
| Select / deselect | 156 | |
| Select group hotkey | 90 | |
| Use ability | 43 | |
956 total
» units
» upgrades
» buildings
| Barracks | 2 | |
| Altar of Kings | 1 | |
| Farm | 6 | |
| Scout Tower | 8 | |
| Arcane Tower | 3 | |
| Arcane Vault | 1 | |
| Keep | 1 | |
| Town Hall | 2 | |
24 total
» build order
00:16 Barracks
00:23 Altar of Kings
00:33 Farm
00:53 Scout Tower
01:45 Farm
02:05 Arcane Tower
02:50 Barracks
02:53 Farm
03:10 Arcane Vault
03:36 Farm
04:10 Farm
04:41 Scout Tower
04:47 Scout Tower
05:11 Farm
05:46 Arcane Tower
05:48 Keep
06:46 Scout Tower
07:15 Scout Tower
08:33 Arcane Tower
09:08 Scout Tower
09:11 Scout Tower
09:14 Scout Tower
10:47 Town Hall
13:54 Town Hall
» items
| Scroll of Regeneration | 1 | |
| Ivory Tower | 1 | |
2 total
893666847294875 (
blue | 36 APM | 622 actions | 17:04)
3 Blademaster
1 Wind Walk
2 Critical Strike
» actions
| Basic commands | 12 | |
| Build / train | 42 | |
| Enter build submenu | 32 | |
| Enter hero's abilities submenu | 3 | |
| Right click | 294 | |
| Select / deselect | 188 | |
| Use ability | 51 | |
622 total
» units
| Peon | 11 | |
| Grunt | 13 | |
| Troll Headhunter/Berserker | 1 | |
| Dryad | 2 | |
| Archer | 1 | |
| Wisp | 5 | |
33 total
» buildings
| Altar of Storms | 1 | |
| Orc Burrow | 5 | |
| Barracks | 2 | |
| War Mill | 2 | |
| Watch Tower | 15 | |
| Voodoo Lounge | 1 | |
| Stronghold | 1 | |
| Great Hall | 1 | |
| Beastiary | 1 | |
| Ancient of Lore | 1 | |
30 total
» build order
00:08 Altar of Storms
00:13 Orc Burrow
01:05 Barracks
01:30 War Mill
02:38 Barracks
02:46 Orc Burrow
02:49 Watch Tower
03:35 Watch Tower
04:12 Orc Burrow
04:20 Voodoo Lounge
04:46 Watch Tower
05:12 Watch Tower
05:47 Watch Tower
06:28 Watch Tower
07:02 Watch Tower
07:35 Watch Tower
08:36 Watch Tower
08:40 Watch Tower
08:52 Watch Tower
09:12 Stronghold
09:53 Orc Burrow
10:31 Watch Tower
10:50 Orc Burrow
11:16 Watch Tower
12:24 Watch Tower
13:33 Great Hall
14:22 Watch Tower
14:41 War Mill
16:08 Beastiary
16:37 Ancient of Lore
» items
| Scroll of Regeneration | 1 | |
| Lesser Clarity Potion | 2 | |
| Healing Salve | 1 | |
4 total
team 2 (winner)
ICEcold7694 (
green | 40 APM | 684 actions | 17:05)
3 Archmage
2 Blizzard
1 Brilliance Aura
2 Blood Mage
1 Flame Strike
1 Siphon Mana
» actions
| Assign group hotkey | 16 | |
| Basic commands | 54 | |
| Build / train | 72 | |
| Enter build submenu | 32 | |
| Enter hero's abilities submenu | 5 | |
| Remove unit from queue | 7 | |
| Right click | 206 | |
| Select / deselect | 166 | |
| Select group hotkey | 71 | |
| Use ability | 52 | |
684 total
» units
| Peasant | 26 | |
| Footman | 11 | |
| Priest | 9 | |
46 total
» upgrades
» buildings
| Altar of Kings | 2 | |
| Farm | 8 | |
| Barracks | 3 | |
| Scout Tower | 11 | |
| Arcane Tower | 1 | |
| Keep | 2 | |
| Town Hall | 2 | |
| Castle | 1 | |
| Lumber Mill | 3 | |
| Arcane Sanctum | 1 | |
| Blacksmith | 1 | |
| Guard Tower | 5 | |
40 total
» build order
00:20 Altar of Kings
00:36 Farm
00:38 Farm
00:39 Farm
01:32 Barracks
01:34 Barracks
03:30 Scout Tower
03:38 Farm
04:01 Arcane Tower
04:10 Keep
05:08 Town Hall
06:52 Castle
06:59 Lumber Mill
07:01 Lumber Mill
07:05 Arcane Sanctum
07:24 Barracks
07:28 Farm
07:29 Farm
07:30 Farm
08:49 Scout Tower
08:51 Scout Tower
09:15 Blacksmith
09:25 Guard Tower
11:57 Lumber Mill
12:00 Scout Tower
12:02 Scout Tower
12:03 Scout Tower
12:15 Altar of Kings
12:35 Guard Tower
12:38 Scout Tower
12:41 Scout Tower
13:00 Scout Tower
13:02 Scout Tower
13:05 Scout Tower
13:22 Guard Tower
13:42 Town Hall
13:52 Guard Tower
14:06 Guard Tower
15:27 Keep
16:24 Farm
jewslavehunting (
orange | 109 APM | 1856 actions | 17:04)
4 Blademaster
2 Wind Walk
2 Critical Strike
2 Shadow Hunter
1 Hex
1 Healing Wave
» actions
| Assign group hotkey | 46 | |
| Basic commands | 208 | |
| Build / train | 63 | |
| Enter build submenu | 31 | |
| Enter hero's abilities submenu | 6 | |
| Give item / drop item | 2 | |
| Right click | 669 | |
| Select / deselect | 194 | |
| Select group hotkey | 574 | |
| Use ability | 63 | |
1856 total
» units
| Peon | 17 | |
| Troll Headhunter/Berserker | 13 | |
30 total
» upgrades
| Ranged Weapons | 3 | |
| Armor | 2 | |
| Troll Regeneration | 1 | |
| Berserker Upgrade | 1 | |
| Reinforced Defenses | 1 | |
8 total
» buildings
| Altar of Storms | 1 | |
| Orc Burrow | 6 | |
| War Mill | 1 | |
| Barracks | 3 | |
| Watch Tower | 15 | |
| Great Hall | 1 | |
| Voodoo Lounge | 2 | |
| Stronghold | 1 | |
| Fortress | 1 | |
31 total
» build order
00:24 Altar of Storms
00:39 Orc Burrow
01:26 War Mill
01:29 Barracks
01:43 Orc Burrow
04:26 Watch Tower
04:29 Watch Tower
04:34 Barracks
04:35 Orc Burrow
05:35 Watch Tower
05:37 Great Hall
05:48 Orc Burrow
06:45 Watch Tower
07:09 Voodoo Lounge
08:06 Voodoo Lounge
09:13 Orc Burrow
09:31 Stronghold
10:13 Barracks
10:56 Watch Tower
10:57 Watch Tower
11:27 Watch Tower
11:55 Fortress
13:14 Watch Tower
13:43 Watch Tower
13:54 Watch Tower
14:04 Watch Tower
14:05 Watch Tower
14:07 Watch Tower
14:10 Watch Tower
14:14 Watch Tower
16:52 Orc Burrow
» items
| Healing Salve | 2 | |
| Lesser Clarity Potion | 2 | |
| Scroll of Speed | 1 | |
| Scroll of Town Portal | 3 | |
| Potion of Mana | 3 | |
| Potion of Healing | 3 | |
| Orb of Lightning | 1 | |
15 total
OWNED-TIGHT. (
pink | 53 APM | 913 actions | 17:05)
4 Blood Mage
2 Flame Strike
2 Siphon Mana
» actions
| Assign group hotkey | 25 | |
| Build / train | 57 | |
| Enter build submenu | 17 | |
| Enter hero's abilities submenu | 4 | |
| Give item / drop item | 2 | |
| Remove unit from queue | 1 | |
| Right click | 335 | |
| Select / deselect | 122 | |
| Select group hotkey | 315 | |
| Use ability | 35 | |
913 total
» units
» upgrades
| Masonry | 3 | |
| Swords | 2 | |
| Armor | 1 | |
| Animal War Training | 1 | |
| Storm Hammers | 0 | |
7 total
» buildings
| Altar of Kings | 1 | |
| Farm | 7 | |
| Scout Tower | 11 | |
| Arcane Tower | 2 | |
| Keep | 1 | |
| Lumber Mill | 1 | |
| Blacksmith | 1 | |
| Guard Tower | 12 | |
| Castle | 2 | |
| Gryphon Aviary | 2 | |
| Barracks | 1 | |
| Arcane Vault | 1 | |
| Town Hall | 1 | |
43 total
» build order
00:13 Altar of Kings
00:22 Farm
00:56 Scout Tower
01:24 Arcane Tower
01:28 Farm
02:26 Keep
03:07 Lumber Mill
03:09 Scout Tower
03:10 Scout Tower
03:11 Scout Tower
03:12 Scout Tower
03:39 Blacksmith
04:12 Guard Tower
06:14 Castle
06:14 Castle
06:17 Gryphon Aviary
06:18 Gryphon Aviary
07:09 Farm
07:10 Farm
07:10 Farm
07:10 Farm
08:07 Barracks
10:02 Arcane Vault
10:45 Town Hall
10:57 Scout Tower
10:57 Scout Tower
11:00 Scout Tower
11:12 Farm
11:26 Guard Tower
11:35 Guard Tower
11:44 Guard Tower
12:13 Guard Tower
12:45 Scout Tower
12:46 Scout Tower
13:27 Guard Tower
13:27 Guard Tower
13:29 Scout Tower
13:32 Guard Tower
14:15 Guard Tower
14:15 Guard Tower
» items
| Staff of Teleportation | 1 | |
| Potion of Healing | 1 | |
| Potion of Mana | 1 | |
| Scroll of Town Portal | 1 | |
| Potion of Lesser Invulnerability | 1 | |
| Orb of Lightning | 1 | |
6 total
FARGOTH. (
teal | 51 APM | 875 actions | 17:05)
2 Blood Mage
1 Flame Strike
1 Banish
» actions
| Assign group hotkey | 19 | |
| Basic commands | 2 | |
| Build / train | 42 | |
| Enter build submenu | 18 | |
| Enter hero's abilities submenu | 2 | |
| Right click | 487 | |
| Select / deselect | 186 | |
| Select group hotkey | 96 | |
| Use ability | 23 | |
875 total
» units
» upgrades
» buildings
| Altar of Kings | 1 | |
| Farm | 4 | |
| Barracks | 1 | |
| Scout Tower | 5 | |
| Arcane Tower | 1 | |
| Lumber Mill | 2 | |
| Keep | 1 | |
| Guard Tower | 3 | |
| Town Hall | 1 | |
19 total
» build order
00:04 Altar of Kings
00:07 Farm
00:10 Barracks
00:53 Scout Tower
01:15 Farm
01:34 Arcane Tower
02:22 Farm
03:02 Scout Tower
03:57 Lumber Mill
04:01 Keep
05:03 Guard Tower
06:19 Scout Tower
06:50 Guard Tower
10:16 Town Hall
13:35 Scout Tower
14:03 Scout Tower
15:02 Lumber Mill
16:14 Guard Tower
16:31 Farm
» items
| Boots of Speed | 1 | |
| Staff of Teleportation | 1 | |
| Potion of Invisibility | 1 | |
3 total
Chat log
(00:05 / Allies) ICEcold7694: expo then rush
(00:13 / Allies) ICEcold7694: foot to caster am bm
(00:27 / Allies) FARGOTH.: bm harass
(00:37 / Allies) OWNED-TIGHT.: you're taking 4v4rt a little too serious green
(00:39 / Allies) OWNED-TIGHT.: settle down there
(00:50 / Allies) ICEcold7694: its good to have a plan?
(00:54 / Allies) jewslavehunting: HE THINKS HES STONE COLD STEVE AUSTIN
(00:54 / Allies) FARGOTH.: no
(01:00 / Allies) FARGOTH.: plans are bad
(01:05 / Allies) ICEcold7694: bad to have a plan
(01:08 / Allies) OWNED-TIGHT.: i don't appreciate your tone, green
(01:08 / Allies) ICEcold7694: ..got it
(01:09 / Allies) FARGOTH.: yes
(01:15 / Allies) jewslavehunting: PLANS ARE GOOD. BUT THE PROBLEM IS IN RT NOOBS DONT TALK
(01:28 / Allies) FARGOTH.: chode is that you?
(01:36 / Allies) OWNED-TIGHT.: yes
(01:38 / Allies) OWNED-TIGHT.: its me
(01:47 / All) jewslavehunting: YEA I KNOW BLUE
(01:49 / Allies) OWNED-TIGHT.: turncoat may be pissed lalw
(01:51 / All) jewslavehunting: SUCKS DOESNT IT
(01:53 / Allies) ICEcold7694: well while you harass teal ill clear you a spot for an expo
(02:03 / Allies) FARGOTH.: k, need to wait for invis pots though
(02:04 / All) 893666847294875: nice hack
(02:05 / Allies) FARGOTH.: and lvl 3
(02:08 / Allies) OWNED-TIGHT.: turncoat is fighting a losing battle if he hates blacks and watches nfl, which as 80% black people
(02:11 / All) jewslavehunting: NICE BRAIN
(02:16 / All) 893666847294875: two computers
(02:20 / All) 893666847294875: reporting you to blizzard
(02:25 / All) jewslavehunting: OMG PLZ DONT
(02:25 / All) 893666847294875: kiss your cd key goodbye
(02:28 / All) jewslavehunting: I CANT AFFORD 10 DOLLARS
(02:30 / All) jewslavehunting: PLZ STOP!
(02:36 / All) jewslavehunting: I LIVE IN AMERICA. ITS RECESSION STOP!
(02:38 / All) jewslavehunting: 10 DOLLARS SHIT
(02:49 / Allies) OWNED-TIGHT.: i couldn't find yoshi
(02:55 / All) jewslavehunting: I WONT BE ABLE TO BUY A FAT ASS BURGER PLZ DONT REPORT ME
(02:55 / Allies) FARGOTH.: hero rush
(02:55 / Allies) OWNED-TIGHT.: ur team lost that game btw
(03:23 / Allies) OWNED-TIGHT.: u hear me rod
(03:37 / Allies) FARGOTH.: yes
(03:42 / All) 893666847294875: you really have no life to hack this way
(03:43 / Allies) OWNED-TIGHT.: ur team lost
(03:49 / Allies) FARGOTH.: ok?
(03:55 / Allies) ICEcold7694: who hacks?
(03:57 / Allies) OWNED-TIGHT.: game last night
(04:05 / Allies) FARGOTH.: the standoff?
(04:15 / Allies) OWNED-TIGHT.: yes
(04:19 / Allies) OWNED-TIGHT.: yoshi lost
(04:22 / Allies) FARGOTH.: good
(04:23 / Allies) OWNED-TIGHT.: dont know how long
(04:46 / Allies) ICEcold7694: no
(04:48 / All) jewslavehunting: CRY MORE BLUE
(04:56 / Allies) ICEcold7694: pink what the hell
(05:02 / Allies) OWNED-TIGHT.: what
(05:03 / Allies) ICEcold7694: you kill my units and steal my item?
(05:19 / Allies) OWNED-TIGHT.: tp
(05:45 / Allies) FARGOTH.: tp
(06:09 / Allies) OWNED-TIGHT.: towers!
(07:29 / Allies) FARGOTH.: your flame strike killed me moron
(07:36 / Allies) ICEcold7694: he did the same to me
(07:42 / Allies) ICEcold7694: cut losses and go to my town
(08:19 / Allies) jewslavehunting: U GUYS ARE SERIOUSLY LOSING THIS SHIT?
(08:19 / Allies) jewslavehunting: WTF
(08:24 / Allies) FARGOTH.: morons didn't tp
(09:37 / Allies) OWNED-TIGHT.: dont lead him to me man
(09:40 / Allies) FARGOTH.: 1 bm
(10:39 / All) 893666847294875: cheaters never prosper
(10:41 / Allies) ICEcold7694: assist?
(10:52 / Allies) FARGOTH.: I have nothing moron, would you like me to banish them?
(10:57 / Allies) ICEcold7694: good job oj
(12:42 / Allies) FARGOTH.: priest escorting peasants
(13:58 / Allies) ICEcold7694: wood ?
(14:00 / Allies) ICEcold7694: im out
(14:49 / All) jewslavehunting: B
(14:51 / Allies) jewslavehunting: FIGHT WITH TOWERS
(16:34 / All) FARGOTH.: raped 2v4
(16:35 / Allies) ICEcold7694: nice
(16:42 / Allies) ICEcold7694: i have all my town too
(16:44 / All) 893666847294875: you have to cheat to win
(16:47 / All) FARGOTH.: lol sure
(17:01 / All) FARGOTH.: raped